 Dungeon Crawl Stone Soup version 0.30-a0-924-g0ad0bf95bc (webtiles) character file.

Game seed: 7092474852780081015

2035 cforsyth the Basher (level 9, -5/66 HPs)
             Began as a Human Fighter on Mar 22, 2023.
             Was an Initiate of Okawaru.
             Slain by a gnoll
             ... wielding a +0 halberd
             ... led by a gnoll sergeant
              (10 damage)
             ... on level 7 of the Dungeon.
             The game lasted 00:06:55 (5590 turns).

cforsyth the Basher (Human Fighter)                 Turns: 5590, Time: 00:06:55

Health: -5/66      AC: 14    Str: 20    XL:     9   Next: 48%
Magic:  9/9        EV: 10    Int:  9    God:    Okawaru [......]
Gold:   290        SH:  5    Dex: 13    Spells: 8/8 levels left

rFire   . . .      SeeInvis +    D - +4 flail (freeze)
rCold   . . .      Faith    .    c - +0 buckler
rNeg    . . .      Spirit   .    w - +0 plate armour
rPois   .          Reflect  .    s - +0 helmet
rElec   .          Rampage  .    l - +0 cloak
rCorr   .                        (no gloves)
Will    .....                    (no boots) Stlth
                                 (no amulet)
HPRegen 0.31/turn                j - +5 ring of evasion
MPRegen 0.11/turn                h - ring of see invisible

@: flying
A: no striking features
a: Renounce Religion


You were on level 7 of the Dungeon.
You worshipped Okawaru.
Okawaru was noncommittal.
You visited 1 branch of the dungeon, and saw 7 of its levels.

You collected 290 gold pieces.

Inventory:

Hand Weapons
 a - a +0 flail of venom
 t - the +6 scimitar "Maizxeih" {drain, Fly rC+++ Str-3 Dex-3}
   (You found it on level 4 of the Dungeon)

   Str:       It affects your strength (-3).
   Dex:       It affects your dexterity (-3).
   rC:        It renders you almost immune to cold.
   Fly:       It grants you flight.
 D - a +4 flail of freezing (weapon)
Missiles
 F - 2 throwing nets (quivered)
Armour
 b - a +0 scale mail
 c - a +0 buckler (worn)
 l - a +0 cloak (worn)
 s - a +0 helmet (worn)
 w - a +0 plate armour (worn)
Jewellery
 h - a ring of see invisible (right hand)
 j - a +5 ring of evasion (left hand)
 E - a ring of wizardry
Wands
 G - a wand of polymorph (12)
Scrolls
 k - a scroll of noise
 m - 6 scrolls of identify
 r - a scroll of amnesia {unknown}
 v - a scroll of blinking {unknown}
 x - a scroll of brand weapon
 y - a scroll of immolation {unknown}
 B - a scroll of poison {unknown}
Potions
 d - a potion of lignification {unknown}
 e - a potion of invisibility {unknown}
 f - 2 potions of flight
 g - 2 potions of ambrosia {unknown}
 i - a potion of heal wounds {unknown}
 n - 3 potions of resistance {unknown}
 o - a potion of cancellation
 q - a potion of brilliance {unknown}
 u - 3 potions of curing {unknown}
 z - a potion of attraction {unknown}
 A - a potion of haste {unknown}
 C - a potion of might
 H - a potion of degeneration {unknown}


   Skills:
 - Level 4.4 Fighting
 + Level 10.6 Maces & Flails
 - Level 4.3 Armour
 - Level 4.3 Shields


You had 8 spell levels left.
You didn't know any spells.
Your spell library contained the following spells:

 Spells                   Type           Power      Damage    Failure   Level
 Blink                    Tloc           0%         N/A       100%        2
 Lesser Beckoning         Tloc           0%         N/A       100%        2
 Gell's Gravitas          Tloc           0%         N/A       100%        3
 Portal Projectile        Hex/Tloc       0%         N/A       100%        3
 Teleport Other           Tloc           0%         N/A       100%        3
 Leda's Liquefaction      Hex/Erth       0%         N/A       100%        4
 Manifold Assault         Tloc           0%         N/A       100%        4
 Storm Form               Tmut/Air       0%         N/A       100%        7
 Call Canine Familiar     Summ           Unusable   N/A       N/A         3

Dungeon Overview and Level Annotations

Branches:
Dungeon (7/15)
 Temple: D:4-7

Altars:
Ashenzari
Cheibriados
Elyvilon
Makhleb
Nemelex Xobeh
Okawaru
Trog
Wu Jian
Yredelemnul

Shops:
D:6 ?   D:7 [

Annotations:
D:4 2 runed translucent doors, Poisonhead11's ghost, weakling MiBe
D:5 3 runed translucent doors, Endersslay's ghost, weakling DgTm


Message History

The gnoll sergeant hits you with a +0 spear!
* * * LOW HITPOINT WARNING * * *
The gnoll hits you from afar with a +0 halberd.
* * * LOW HITPOINT WARNING * * *
The gnoll sergeant hits you from afar with a +0 spear.
* * * LOW HITPOINT WARNING * * *
The scorpion stings you but does no damage.
The scorpion attacks as you move away! The scorpion closely misses you.
Items here: )))) [ †††.
Unknown command.
The scorpion closely misses you.
Okay, then.
As you read the scroll labelled VEYCUPTECIEXT, it crumbles to dust.
You hear a loud clanging noise!
It was a scroll of noise.
The scorpion stings you but does no damage.
As you read the scroll labelled OGOOCYANNYXT, it crumbles to dust.
It is a scroll of brand weapon.
Your +0 flail drips with poison.
a - a +0 flail of venom The scorpion completely misses you.
The gnoll closely misses you.
As you read the scroll labelled KUINASTRAOFRI, it crumbles to dust.
It is a scroll of identify.
o - a potion of cancellation The scorpion stings you but does no damage.
The gnoll barely misses you. The scorpion barely misses you.
As you read the scroll labelled MIYCRO HIKY, it crumbles to dust.
Your body is wracked with pain!
* * * LOW HITPOINT WARNING * * *
The scorpion convulses!
The gnoll convulses! x4; The gnoll sergeant convulses!
It was a scroll of torment.
The gnoll hits you from afar with a +0 halberd.
* * * LOW HITPOINT WARNING * * *
The scorpion stings you but does no damage.
Okay, then.
It was a potion of flight.
You feel very buoyant.
You fly up into the air.
The gnoll hits you from afar with a +0 halberd!
You die...

#.# #. #.. #.#
#..####.# ....#
......# ..... ###
#....######
.....##..
#..........
.......# ##.....#
#..## #.....#
##..#..## #...
##.....####@.###.##
####
##.....g.#gs###
#..## ####
#..8.....gg##
#...####..###
.........gg#
##..........#
#..∩.###...#
########..>. ###.
###... ##... #
##.... #... ##..#
###..# ..#
#####.....


You could see a gnoll sergeant, a scorpion and 4 gnolls.

Vanquished Creatures
  Grinder (D:6)
  Menkaure (D:7)
  2 water moccasins
  An ice beast (D:5)
  A black bear (D:3)
  2 ogres (D:6)
  A centaur (D:4)
  A kobold brigand (D:6)
  3 scorpions
  5 wights (D:6)
  5 hounds
  2 orc priests (D:2)
  A gnoll bouda (D:7)
  2 sleepcaps (D:5)
  An iguana (D:6)
  3 orc wizards
  Robin (D:3)
  5 gnolls (D:7)
  2 adders
  A white imp (D:5)
  A worm (D:3)
  2 dart slugs
  5 orcs
  A bat (D:2)
  6 endoplasms
  A giant cockroach (D:3)
  11 goblins
  7 hobgoblins
  3 quokkas
  7 ball pythons
  4 frilled lizards
  8 kobolds
  5 rats
102 creatures vanquished.

Notes
Turn   | Place    | Note
-------+----------+-------------------------------------------
     0 | D:1      | cforsyth the Human Fighter began the quest for the Orb.
     0 | D:1      | Reached XP level 1. HP: 18/18 MP: 1/1
    32 | D:1      | Found a faded altar of an unknown god.
   276 | D:1      | Reached XP level 2. HP: 23/24 MP: 2/2
   969 | D:2      | Reached XP level 3. HP: 27/29 MP: 3/3
  1396 | D:3      | Noticed Robin
  1751 | D:3      | Reached XP level 4. HP: 35/35 MP: 4/4
  1851 | D:3      | Noticed a black bear
  2099 | D:2      | Reached XP level 5. HP: 26/42 MP: 5/5
  2105 | D:3      | Reached skill level 3 in Maces & Flails
  2202 | D:3      | Killed a black bear
  2203 | D:3      | Reached XP level 6. HP: 18/48 MP: 6/6
  2344 | D:3      | Found a basalt altar of Yredelemnul.
  2435 | D:3      | Killed Robin
  2699 | D:4      | Identified the +6 scimitar "Maizxeih" {drain, Fly rC+++
                  | Str-3 Dex-3}
  2982 | D:4      | Reached skill level 4 in Maces & Flails
  2982 | D:4      | Reached XP level 7. HP: 49/55 MP: 7/7
  3013 | D:4      | Found a large runed translucent door.
  3013 | D:4      | Found a large runed translucent door.
  3015 | D:4      | Noticed Poisonhead11's ghost (weakling MiBe)
  3294 | D:5      | Entered Level 5 of the Dungeon
  3294 | D:5      | Found a runed translucent gate.
  3294 | D:5      | Found a runed translucent gate.
  3294 | D:5      | Found a runed translucent gate.
  3299 | D:5      | Reached skill level 5 in Maces & Flails
  3299 | D:5      | Noticed Endersslay's ghost (weakling DgTm)
  3499 | D:5      | Noticed a water moccasin
  3504 | D:5      | Killed a water moccasin
  3505 | D:5      | Reached skill level 6 in Maces & Flails
  3505 | D:5      | Reached XP level 8. HP: 61/61 MP: 8/8
  4063 | D:6      | Reached skill level 7 in Maces & Flails
  4093 | D:6      | Noticed Grinder
  4104 | D:6      | Killed Grinder
  4175 | D:6      | Found a white marble altar of Elyvilon.
  4175 | D:6      | Found a sparkling altar of Nemelex Xobeh.
  4188 | D:6      | Reached skill level 8 in Maces & Flails
  4524 | D:6      | Reached skill level 9 in Maces & Flails
  4524 | D:6      | Reached XP level 9. HP: 58/66 MP: 9/9
  4582 | D:6      | Found a broken altar of Ashenzari.
  4582 | D:6      | Found a bloodstained altar of Trog.
  4589 | D:6      | Found an iron altar of Okawaru.
  4590 | D:6      | Found a burning altar of Makhleb.
  4592 | D:6      | Found a snail-covered altar of Cheibriados.
  4593 | D:6      | Found an ornate altar of the Wu Jian Council.
  4595 | D:6      | Became a worshipper of Warmaster Okawaru
  5102 | D:6      | Found Moeseacue's Magic Scroll Emporium.
  5116 | D:6      | Reached skill level 10 in Maces & Flails
  5418 | D:7      | Noticed Menkaure
  5421 | D:7      | Killed Menkaure
  5549 | D:7      | Found Ruptexu's Antique Armour Boutique.
  5590 | D:7      | Slain by a gnoll

Illustrated notes

Levels and vault maps discovered:
D:1:      eino_arrival_cavern_c, layout_loops_ring,
          shapermc_ecumenical_altar_flowoftime
D:2:      layout_rooms, minmay_misc_feat_rows
D:3:      layout_rooms, mainiacjoe_overflow_surrounded_room, uniq_robin
D:4:      layout_basic, ebering_ghost_disaster_area
D:5:      layout_loops_ring, gammafunk_ghost_nasty_kobolds
D:6:      layout_gridville, nicolae_overflow_hallway_of_the_gods, serial_shops,
          nicolae_shop_statue_plus, minmay_misc_feat_diagonals, uniq_grinder
D:7:      layout_layer_cave, minmay_temple_entry_antechambers, serial_shops,
          shop_statue, uniq_menkaure, uniq_maggie

Skill      XL: |  1  2  3  4  5  6  7  8  9 |
---------------+----------------------------+-----
Maces & Flails | 3 4 6 9 10 | 10.6
Fighting       | 4 |  4.4
Armour         | 4 |  4.3
Shields        | 4 |  4.3

Action                     |  1- 3 |  4- 6 |  7- 9 || total
---------------------------+-------+-------+-------++-------
  Melee: Flail             |   114 |    86 |    52 ||   252
         Scimitar          |       |    18 |   103 ||   121
    Use: Potion            |       |     1 |     1 ||     2
         Scroll            |       |       |     4 ||     4
 Armour: Scale mail        |    61 |    36 |    20 ||   117
         Plate armour      |       |       |    67 ||    67
  Dodge: Dodged            |    68 |    82 |    92 ||   242
  Block: Buckler           |    30 |    27 |    28 ||    85

Table legend: (Time is in decaauts)
 A = Elapsed time spent in this place.
 B = Non-inter-level travel time spent in this place.
 C = Inter-level travel time spent in this place.
 D = Time resting spent in this place.
 E = Time spent auto-exploring this place.
 F = Levels seen in this place.
 G = Mean time per level.
                   A        B        C        D        E       F      G
               +--------+--------+--------+--------+--------+-----+--------+
         Total |   5711 |   5496 |    215 |    569 |   3891 |   7 |  815.9 |
       Dungeon |   5711 |   5496 |    215 |    569 |   3891 |   7 |  815.9 |
               +--------+--------+--------+--------+--------+-----+--------+

Top non-repeatable levels by time:
     D:6: 1416 daAuts
     D:2: 1135 daAuts
     D:1: 796 daAuts
     D:5: 753 daAuts
     D:3: 727 daAuts
     D:4: 713 daAuts
     D:7: 168 daAuts
